AoeStats
← web

Fortress

510011267Analyzed
4v4 RM · 2d ago on Sep 29, 2026· 77m 36s· 8 players
Game mode
Random Map
Map size
Huge
Population
200
Speed
Normal
Resources
Standard
Victory
Conquest
Starting age
Dark Age
Ending age
Imperial Age
RankedLock teamsTeams togetherTeam positionsShared explorationLock speedFull tech treeHidden civsTurbo modeCheats
Victory
Defeat
🇧🇷 Persians · Brazil
1471
+8
🇧🇷 Berbers · Brazil
1448
+8
🇧🇷 Khmer · Brazil
1295
+14
🇧🇷 Bohemians · Brazil
1280
+14
🇲🇽 Persians · Mexico
1314
-13
🇨🇳 Spanish · China
1270
-11
🇺🇸 Britons · United States
1258
-11
🇺🇸 Saxons · United States
1203
-9
Panquecito
8:32 Feudal Age
12:14 Castle Age
12:59 Double-Bit Axe
16:27 Horse Collar
22:25 Wheelbarrow
21:37 Town Watch
21:38 Loom
23:38 Bow Saw
23:29 Heavy Plow
24:00 Hand Cart
26:59 Imperial Age
26:09 Forging
26:05 Scale Barding Armor
26:24 Gold Mining
26:24 Stone Mining
26:37 Town Patrol
26:44 Husbandry
27:32 Iron Casting
28:28 Chemistry
26:50 Cavalier
27:41 Bloodlines
27:07 Light Cavalry
28:18 Savar
30:22 Blast Furnace
30:10 Chain Barding Armor
31:38 Fletching
31:48 Padded Archer Armor
31:49 Scale Mail Armor
32:25 Plate Barding Armor
36:28 Hussar
47:56 Bodkin Arrow
48:18 Leather Archer Armor
48:18 Chain Mail Armor
54:31 Ring Archer Armor
56:47 Elite Skirmisher
58:50 Ballistics
65:22 Pikeman
66:03 Squires
65:48 Arson
66:34 Plate Mail Armor
66:40 Halberdier
web
7:15 Feudal Age
10:54 Castle Age
9:10 Double-Bit Axe
9:12 Horse Collar
9:49 Fletching
10:35 Gold Mining
12:30 Bow Saw
12:46 Heavy Plow
18:52 Loom
19:40 Bodkin Arrow
20:07 Padded Archer Armor
21:17 Ballistics
21:52 Wheelbarrow
24:09 Leather Archer Armor
24:28 Hand Cart
29:18 Imperial Age
26:34 Town Watch
28:46 Yeomen
29:08 Scale Barding Armor
29:14 Forging
30:09 Bracer
30:40 Ring Archer Armor
30:13 Husbandry
29:34 Light Cavalry
31:19 Chemistry
32:37 Caravan
32:47 Sappers
33:57 Conscription
34:09 Elite Longbowman
36:59 Siege Engineers
37:00 Warwolf
41:20 Forging
42:56 Chain Barding Armor
43:34 Iron Casting
44:15 Plate Barding Armor
44:24 Hoardings
46:39 Blast Furnace
47:47 Masonry
54:15 Two-Man Saw
58:49 Town Patrol
69:27 Squires
68:47 Pikeman
69:13 Arson
69:18 Halberdier
70:34 Scale Mail Armor
70:39 Murder Holes
71:15 Architecture
71:37 Chain Mail Armor
笨包特能睡
7:29 Feudal Age
11:06 Castle Age
9:21 Double-Bit Axe
9:20 Horse Collar
12:02 Bow Saw
18:03 Wheelbarrow
17:36 Padded Archer Armor
23:31 Hand Cart
27:26 Imperial Age
25:22 Town Watch
26:03 Gold Mining
26:37 Heavy Plow
26:53 Fletching
27:20 Leather Archer Armor
26:35 Elite Skirmisher
28:12 Ballistics
27:58 Bodkin Arrow
28:52 Inquisition
29:15 Conscription
29:25 Bracer
29:58 Stone Mining
31:00 Leather Archer Armor
31:55 Chemistry
31:29 Block Printing
32:33 Ring Archer Armor
33:03 Sanctity
33:01 Fervor
33:37 Stone Shaft Mining
35:46 Scale Mail Armor
35:56 Forging
37:15 Chain Mail Armor
38:24 Redemption
37:56 Pikeman
39:07 Plate Mail Armor
39:12 Iron Casting
38:35 Halberdier
42:08 Illumination
46:28 Caravan
48:29 Masonry
49:36 Blast Furnace
48:32 Light Cavalry
49:23 Bloodlines
49:13 Husbandry
50:27 Supremacy
49:30 Hussar
50:25 Scale Barding Armor
50:37 Squires
53:27 Two-Man Saw
66:31 Fortified Wall
67:37 Loom
67:21 Capped Ram
68:57 Siege Ram
69:08 Man-at-Arms
69:34 Gambesons
70:37 Long Swordsman
71:15 Two-Handed Swordsman
71:40 Arson
72:32 Champion
LazyJames
8:12 Feudal Age
8:52 Double-Bit Axe
9:18 Double-Bit Axe
11:50 Castle Age
9:45 Horse Collar
15:22 Fletching
15:45 Bow Saw
16:22 Heavy Plow
17:48 Wheelbarrow
19:23 Hand Cart
20:12 Loom
20:39 Bodkin Arrow
21:24 Gold Mining
21:37 Padded Archer Armor
22:56 Leather Archer Armor
27:30 Imperial Age
26:44 Scale Mail Armor
26:26 Elite Skirmisher
27:13 Gambesons
28:43 Bracer
29:13 Ring Archer Armor
28:59 Chain Mail Armor
28:54 Forging
28:08 Shield Wall
29:09 Conscription
30:13 Forging
30:11 Thumb Ring
30:42 Crop Rotation
31:16 Two-Man Saw
30:04 Elite Varangian Guard
30:45 Squires
30:30 Arson
31:00 Pikeman
32:14 Plate Mail Armor
32:34 Iron Casting
32:26 Halberdier
33:57 Hoardings
33:46 Ballistics
34:43 Gold Shaft Mining
34:09 Stone Mining
37:41 Capped Ram
38:32 Capped Ram
38:42 Capped Ram
41:18 Siege Ram
64:18 Siege Engineers
65:33 Chemistry
Felinha
7:31 Feudal Age
7:39 Feudal Age
8:44 Double-Bit Axe
11:11 Castle Age
9:24 Horse Collar
12:29 Bow Saw
17:03 Loom
19:34 Town Watch
22:06 Fervor
22:00 Fletching
22:10 Padded Archer Armor
22:55 Wheelbarrow
21:58 Elite Skirmisher
24:24 Leather Archer Armor
24:40 Ballistics
25:50 Chemistry
26:03 Hand Cart
26:12 Wagenburg Tactics
28:43 Imperial Age
26:07 Pikeman
26:47 Squires
26:32 Arson
27:41 Caravan
28:26 Sanctity
29:22 Heavy Plow
29:53 Scale Mail Armor
30:04 Forging
29:50 Bodkin Arrow
32:01 Coinage
32:01 Siege Engineers
32:07 Masonry
33:19 Chain Mail Armor
33:35 Ring Archer Armor
33:40 Iron Casting
33:06 Bracer
33:20 Halberdier
34:35 Architecture
34:16 Fortified Wall
34:33 Houfnice
36:36 Conscription
36:22 Hussite Reforms
39:07 Blast Furnace
38:38 Plate Mail Armor
48:43 Scale Barding Armor
74:04 Redemption
79:11 Two-Man Saw
Filho da Viuva
6:14 Loom
8:00 Feudal Age
11:10 Castle Age
9:32 Double-Bit Axe
10:00 Horse Collar
11:56 Wheelbarrow
12:43 Heavy Plow
12:57 Bow Saw
20:05 Hand Cart
26:22 Imperial Age
24:48 Gold Mining
27:29 Conscription
27:32 Ballistics
28:14 Chemistry
27:52 Crop Rotation
28:31 Double Crossbow
29:53 Gold Shaft Mining
29:48 Bloodlines
29:39 Husbandry
30:27 Light Cavalry
31:56 Siege Engineers
34:35 Heavy Scorpion
43:22 Arson
48:04 Fletching
48:15 Padded Archer Armor
54:04 Forging
54:00 Scale Barding Armor
70:02 Bodkin Arrow
69:49 Elite Skirmisher
71:12 Bracer
74:56 Scale Mail Armor
Farofa de Pentelho
7:34 Feudal Age
8:50 Double-Bit Axe
8:53 Horse Collar
12:21 Castle Age
13:59 Loom
16:22 Wheelbarrow
18:32 Hand Cart
18:53 Bow Saw
19:13 Heavy Plow
21:22 Gold Mining
21:22 Stone Mining
22:47 Gold Shaft Mining
22:47 Stone Shaft Mining
23:06 Caravan
27:59 Imperial Age
26:55 Scale Barding Armor
27:00 Forging
28:01 Chain Barding Armor
27:43 Husbandry
27:53 Bloodlines
29:11 Iron Casting
28:34 Elite War Elephant
30:18 Plate Barding Armor
29:41 Town Watch
30:24 Devotion
31:59 Blast Furnace
32:34 Two-Man Saw
32:11 Crop Rotation
35:01 Faith
36:31 Fletching
37:34 Cavalier
38:26 Pikeman
39:06 Squires
38:51 Arson
39:08 Scale Mail Armor
39:48 Halberdier
43:35 Chain Mail Armor
50:40 Plate Mail Armor
53:33 Conscription
76:14 Bodkin Arrow
76:19 Padded Archer Armor
76:35 Guilds
76:56 Coinage
76:45 Block Printing
76:41 Fervor
76:26 Herbal Medicine
77:09 Theocracy
75:57 Light Cavalry
75:59 Heavy Camel Rider
77:17 Hoardings
76:13 Sappers
76:09 Man-at-Arms
76:34 Gambesons
76:53 Hussar
76:57 Long Swordsman
AXEL2904
8:04 Feudal Age
11:50 Castle Age
9:43 Double-Bit Axe
9:40 Horse Collar
13:10 Bow Saw
13:01 Fletching
15:08 Heavy Plow
18:05 Bodkin Arrow
18:15 Bodkin Arrow
18:14 Loom
19:04 Wheelbarrow
18:14 Loom
18:54 Padded Archer Armor
23:13 Leather Archer Armor
23:51 Hand Cart
24:03 Gold Mining
25:03 Ballistics
26:44 Bloodlines
26:35 Husbandry
27:57 Gold Shaft Mining
27:13 Stone Mining
27:58 Gold Shaft Mining
27:13 Stone Mining
30:45 Imperial Age
30:11 Light Cavalry
31:30 Bracer
32:01 Ring Archer Armor
32:32 Chemistry
31:55 Conscription
32:36 Crop Rotation
31:31 Hussar
32:41 Forging
32:37 Scale Barding Armor
32:49 Fortified Wall
33:28 Maghrebi Camels
35:12 Iron Casting
36:11 Chain Barding Armor
37:20 Blast Furnace
37:35 Elite Camel Archer
37:46 Pikeman
38:26 Squires
38:27 Scale Mail Armor
39:27 Plate Barding Armor
39:30 Hoardings
39:08 Caravan
40:12 Chain Mail Armor
39:56 Elite Camel Archer
43:03 Siege Engineers
43:28 Chain Mail Armor
46:17 Plate Mail Armor
47:04 Guilds
50:44 Masonry
50:14 Treadmill Crane
51:43 Coinage
51:50 Kasbah
56:00 Banking
55:52 Guard Tower
55:48 Arrowslits
56:49 Arson
57:01 Treadmill Crane
63:22 Murder Holes
65:11 Thumb Ring
76:55 Cavalier
Connection lost

Rejoining the realm…

Still unreachable

The connection could not be restored.

Session expired

The server has moved on; the page needs a fresh start.